 Dungeon Crawl Stone Soup version 0.19.5 (webtiles) character file.

13925 GordonOverkill the Cleaver (level 11, -1/104 HPs)
             Began as a Minotaur Warper on May 22, 2017.
             Was an Elder of Okawaru.
             Slain by Snorg (2 damage)
             ... on level 11 of the Dungeon.
             The game lasted 00:46:33 (18763 turns).

GordonOverkill the Cleaver (Minotaur Warper)       Turns: 18763, Time: 00:46:33

Health: -1/104     AC: 21    Str: 20    XL:     11   Next: 82%
Magic:  12/13      EV: 10    Int: 10    God:    Okawaru [****..]
Gold:   624        SH:  0    Dex:  9    Spells: 1 memorised, 10 levels left

rFire  . . .     SeeInvis .     a - +0 broad axe
rCold  . . .     Gourm    +     E - +0 plate armour
rNeg   . . .     Faith    .     (no shield)
rPois  +         Spirit   .     (helmet restricted)
rElec  .         Reflect  .     D - +2 cloak
rCorr  +         Harm     .     (no gloves)
MR     .....                    (no boots)
Stlth  ..........               F - amulet of the gourmand
                                o - ring of resist corrosion
                                e - ring of poison resistance

@: heroism, very slightly contaminated
A: retaliatory headbutt, horns 2
a: Heroism, Renounce Religion


You were on level 11 of the Dungeon.
You worshipped Okawaru.
Okawaru was greatly pleased with you.
You were not hungry.

You visited 3 branches of the dungeon, and saw 13 of its levels.
You also visited: Ossuary and Bailey.

You collected 624 gold pieces.

Inventory:

Hand Weapons
 a - a +0 broad axe (weapon)
 b - the +5 whip of a volcano {holy, +Inv rF+}
   (You found it on level 11 of the Dungeon)

   It has been blessed by the Shining One to cause great damage to the undead
   and demons.
   It protects you from fire.
   It lets you turn invisible.
Missiles
 A - a silver javelin (quivered)
 L - 3 tomahawks
Armour
 D - a +2 cloak (worn)
 E - a +0 plate armour (worn)
Jewellery
 e - a ring of poison resistance (left hand)
 i - an uncursed ring of ice
 o - a ring of resist corrosion (right hand)
 F - an amulet of the gourmand (around neck)
Wands
 u - a wand of confusion (18/48)
 v - a wand of disintegration (9/24)
 y - a wand of iceblast (0/15)
Scrolls
 d - 6 scrolls of remove curse
 g - a scroll of random uselessness {unknown}
 n - 3 scrolls of teleportation
 r - a scroll of fog
 w - a scroll of amnesia
 J - a scroll of recharging
 K - 2 scrolls of identify
 O - 2 scrolls of magic mapping
Potions
 j - a potion of agility
 p - 5 potions of curing
 s - 2 potions of brilliance
 t - 2 potions of lignification
 x - 2 potions of resistance
 z - 5 potions of flight
 I - 2 potions of mutation
Books
 c - a book of Spatial Translocations

   Spells                             Type                      Level
   a - Blink                          Translocation                2
   b - Shroud of Golubria             Charms/Translocation         2
   c - Lesser Beckoning               Translocation                3
   d - Portal Projectile              Translocation                3
   e - Teleport Other                 Translocation                3
   f - Passage of Golubria            Translocation                4
 H - a book of Maledictions

   Spells                             Type                      Level
   a - Corona                         Hexes                        1
   b - Ensorcelled Hibernation        Hexes/Ice                    2
   c - Confuse                        Hexes                        3
   d - Tukima's Dance                 Hexes                        3
   e - Dazzling Spray                 Conjuration/Hexes            3
 P - a book of Flames

   Spells                             Type                      Level
   a - Flame Tongue                   Conjuration/Fire             1
   b - Throw Flame                    Conjuration/Fire             2
   c - Conjure Flame                  Conjuration/Fire             3
   d - Inner Flame                    Hexes/Fire                   3
   e - Sticky Flame                   Conjuration/Fire             4
   f - Fireball                       Conjuration/Fire             5
Comestibles
 f - 8 bread rations
 m - 25 fruits
 q - 4 meat rations
 C - 2 beef jerkies
 G - a royal jelly
 M - 7 slices of pizza


   Skills:
 - Level 12.2(17.2) Fighting
 + Level 14.0(19.0) Axes
 - Level 1.0(6.0) Throwing
 - Level 12.0(17.0) Armour
 - Level 2.1(7.1) Dodging
 - Level 1.3 Spellcasting
 - Level 2.1 Translocations
 + Level 4.0 Invocations


You had 10 spell levels left.
You knew the following spells:

 Your Spells              Type           Power        Failure   Level  Hunger
a - Blink                 Tloc           N/A          99%         2    ###....


Dungeon Overview and Level Annotations

Branches:
Dungeon (11/15)            Temple (1/1) D:6            Lair (1/6) D:8
    Orc: D:9-12

Altars:
Ashenzari
Cheibriados
Dithmenos
Elyvilon
Fedhas
Gozag
Hepliaklqana
Kikubaaqudgha
Makhleb
Nemelex Xobeh
Okawaru
Qazlal
Ru
Sif Muna
Trog
Uskayaw
Vehumet
Xom
Yredelemnul
Zin
The Shining One

Annotations:
D:10 Erolcha
D:11 Snorg


Innate Abilities, Weirdness & Mutations

You reflexively headbutt those who attack you in melee.
You have a pair of horns on your head.


Message History

Snorg goes berserk!
Your plate armour prevents you from hitting Snorg.
Snorg is heavily wounded.
Snorg barely misses you. Snorg claws you. Snorg claws you!
* * * LOW HITPOINT WARNING * * *
Your plate armour prevents you from hitting Snorg.
Snorg is heavily wounded.
Snorg bites you!
* * * LOW HITPOINT WARNING * * *
Snorg barely misses you. Snorg claws you but does no damage.
Okay, then.
Okay, then.
You hit Snorg. You headbutt Snorg!
Snorg is severely wounded.
Snorg bites you!
* * * LOW HITPOINT WARNING * * *
Snorg claws you.
* * * LOW HITPOINT WARNING * * *
Snorg claws you.
You die...

#..........(.........†.#
#....#################.####
#....# #.......# #....#
#.......# #....# ######
#.......# #....# #.5..#
#......)#### ###### #.##.#
#..........# #######.#T.#
#.......##.# #..T..T.#@##
#.......##.# #.#######.#
#.......##.# ###.# #.#
##########.# #...# #.#
######.# #.### #.# #......#
#.# #.# #.###### ######.# #.#
#.# #......#########.# #.#
#.#######.....T..#########.###


You could see Snorg (berserk).

Vanquished Creatures
  The ghost of nixorn the Grappler, a novice TrTm of Nemelex Xobeh (D:8)
  An unseen horror (D:11)
  A hill giant (D:11)
  An orc knight (Bailey)
  An ugly thing (D:11)
  A cyclops (D:11)
  Psyche (D:7)
  A spiny frog (Lair:1)
  A komodo dragon (Lair:1)
  A hornet (D:7)
  The ghost of siprus the Pure, an amateur DsAK of Lugonu (D:4)
  Grinder (D:3)
  8 yaks (Lair:1)
  A human (D:8)
  A wraith (D:11)
  4 hogs (D:8)
  2 hungry ghosts
  Menkaure (D:7)
  A mottled dragon (D:11)
  3 water moccasins
  A porcupine (Lair:1)
  13 orc warriors
  3 sky beasts
  A black bear (D:9)
  A hornet zombie (Ossuary)
  3 ice beasts
  4 centaurs
  6 ogres
  A big kobold (D:8)
  2 crocodiles (Lair:1)
  Blork the orc (D:6)
  A gnoll sergeant (D:9)
  6 bullfrogs
  2 elf skeletons (D:5)
  2 scorpions
  13 killer bees
  4 wights (D:9)
  A howler monkey (D:7)
  4 crimson imps
  A bullfrog zombie (Ossuary)
  A centaur zombie (Ossuary)
  The ghost of Turtleman12345 the Magician, a weakling DEWz (D:3)
  A human zombie (D:5)
  A bullfrog skeleton (D:4)
  11 orc wizards
  A jelly (D:8)
  3 orc priests (D:6)
  Crazy Yiuf (D:7)
  3 centaur skeletons
  11 hounds
  3 iguanas
  A human skeleton (D:5)
  3 worker ants
  A hound zombie (Ossuary)
  A hound skeleton (D:4)
  14 mummies (Ossuary)
  3 worker ant zombies
  11 gnolls
  10 adders
  A shadow imp (D:11)
  2 oozes
  4 adder zombies (Ossuary)
  A worm (D:7)
  A dart slug (D:2)
  7 leopard geckos
  50 orcs
  A ball python (D:1)
  8 bats
  2 giant cockroaches (D:1)
  6 goblins
  10 hobgoblins
  17 jackals
  3 quokkas
  7 frilled lizards
  A jackal skeleton (D:4)
  19 kobolds
  2 orc zombies (D:5)
  A quokka skeleton (D:6)
  5 rats
  A withered plant (Ossuary)
333 creatures vanquished.

Vanquished Creatures (others)
  3 plants (D:8)
  2 withered plants
5 creatures vanquished.

Grand Total: 338 creatures vanquished

Notes
Turn   | Place    | Note
-------+----------+-------------------------------------------
     0 | D:1      | GordonOverkill the Minotaur Warper began the quest for the Orb.
     0 | D:1      | Reached XP level 1. HP: 18/18 MP: 1/1
   127 | D:1      | Reached skill level 3 in Axes
   238 | D:1      | Reached XP level 2. HP: 19/25 MP: 3/3
   859 | D:1      | Reached skill level 4 in Axes
  1358 | D:1      | Reached XP level 3. HP: 30/30 MP: 4/4
  1668 | D:2      | HP: 1/30 [poisoned by an adder]
  2093 | D:2      | Found a shimmering altar of Xom.
  2206 | D:2      | Reached skill level 5 in Axes
  2918 | D:3      | Noticed Turtleman12345's ghost (weakling DEWz)
  2919 | D:3      | Noticed Grinder
  2957 | D:3      | You fall through a shaft for 2 floors!
  2957 | D:5      | Entered Level 5 of the Dungeon
  2957 | D:5      | Noticed a centaur
  2963 | D:5      | Killed a centaur
  2963 | D:5      | Reached XP level 4. HP: 15/38 MP: 5/5
  2963 | D:5      | Reached XP level 5. HP: 18/45 MP: 6/6
  3170 | D:5      | Reached skill level 6 in Axes
  3170 | D:5      | Reached XP level 6. HP: 44/52 MP: 7/7
  3174 | D:5      | Found a sand-covered staircase.
  3183 | Ossuary  | Entered an ossuary
  3539 | Ossuary  | Reached XP level 7. HP: 57/60 MP: 8/8
  3586 | Ossuary  | Reached skill level 5 in Fighting
  3586 | Ossuary  | Reached skill level 7 in Axes
  3989 | Ossuary  | Reached skill level 5 in Armour
  4702 | D:5      | Reached XP level 8. HP: 68/70 MP: 9/9
  4705 | D:5      | Reached skill level 8 in Axes
  5237 | D:4      | Noticed siprus's ghost (amateur DsAK)
  5258 | D:4      | Killed siprus's ghost
  6028 | D:3      | Killed Turtleman12345's ghost
  6359 | D:3      | Paralysed by Grinder for 4 turns
  6366 | D:3      | Killed Grinder
  6366 | D:3      | Reached skill level 9 in Axes
  6706 | D:6      | Found an opulent altar of Gozag.
  6723 | D:6      | Reached XP level 9. HP: 53/81 MP: 10/10
  6945 | D:6      | Found an iron altar of Okawaru.
  6946 | D:6      | Found a shadowy altar of Dithmenos.
  7434 | D:7      | Found a runed door.
  7768 | D:7      | Reached skill level 10 in Axes
  8132 | D:7      | Noticed Menkaure
  8140 | D:7      | Killed Menkaure
  8286 | D:7      | Found an ancient bone altar of Kikubaaqudgha.
  8919 | D:7      | Found a snail-covered altar of Cheibriados.
  9088 | D:7      | Noticed Crazy Yiuf
  9099 | D:7      | Killed Crazy Yiuf
  9728 | D:6      | Became a worshipper of Warmaster Okawaru
  9732 | D:6      | Learned a level 2 spell: Blink
  9755 | D:6      | Found a staircase to the Ecumenical Temple.
  9764 | Temple   | Entered the Ecumenical Temple
 10048 | D:6      | Reached skill level 11 in Axes
 10127 | D:6      | Noticed Blork the orc
 10134 | D:6      | Killed Blork the orc
 10543 | D:5      | Reached XP level 10. HP: 69/92 MP: 11/11
 11280 | D:8      | Found a staircase to the Lair.
 11386 | D:8      | Reached skill level 10 in Fighting
 11542 | D:8      | Noticed nixorn's ghost (novice TrTm)
 11576 | D:8      | Noticed Psyche
 11943 | D:7      | Killed Psyche
 12447 | D:9      | Found a flagged portal.
 12486 | Bailey   | Entered a bailey
 12752 | Bailey   | Reached skill level 10 in Armour
 12759 | Bailey   | Reached * piety under Okawaru
 14386 | Bailey   | Noticed an orc knight
 14395 | Bailey   | Killed an orc knight
 14395 | Bailey   | Reached skill level 12 in Axes
 14841 | D:9      | Found a glowing golden altar of the Shining One.
 14841 | D:9      | Found a white marble altar of Elyvilon.
 15088 | D:9      | Reached ** piety under Okawaru
 15211 | D:9      | Found a sparkling altar of Nemelex Xobeh.
 15629 | D:8      | Killed nixorn's ghost
 15629 | D:8      | Reached XP level 11. HP: 38/102 MP: 9/12
 16382 | Lair:1   | Entered Level 1 of the Lair of Beasts
 16432 | Lair:1   | Identified a scroll of acquirement
 16435 | Lair:1   | Got a heavily runed hat
 16441 | Lair:1   | Identified the -4 hat of the Original Sin {Int+2 Dex+4} (You acquired it on level 1 of the Lair of Beasts)
 16543 | Lair:1   | Reached *** piety under Okawaru
 16588 | Lair:1   | Reached skill level 13 in Axes
 17169 | Lair:1   | Noticed an eight-headed hydra
 17305 | D:10     | Entered Level 10 of the Dungeon
 17575 | D:10     | Noticed Erolcha
 17782 | D:11     | Noticed a brown ugly thing
 17804 | D:11     | Killed a brown ugly thing
 17804 | D:11     | Reached skill level 1 in Invocations
 17842 | D:11     | Noticed a hill giant
 17851 | D:11     | Killed a hill giant
 17851 | D:11     | Reached **** piety under Okawaru
 18115 | D:11     | Killed an unseen horror
 18275 | D:11     | Got a warped whip
 18276 | D:11     | Identified the +5 whip of a volcano {holy, +Inv rF+} (You found it on level 11 of the Dungeon)
 18340 | D:11     | Reached skill level 14 in Axes
 18671 | D:11     | Found a glowing silver altar of Zin.
 18673 | D:11     | Noticed Snorg
 18763 | D:11     | HP: 1/104 [Snorg (5)]
 18763 | D:11     | Slain by Snorg

Skill      XL: |  1  2  3  4  5  6  7  8  9 10 11 |
---------------+----------------------------------+-----
Axes           | 3 4 5 6 7 9 11 12 14 | 14.0
Fighting       | 3 4 6 7 9 11 12 | 12.2
Armour         | 2 3 4 5 7 9 11 12 | 12.0
Invocations    | 4 |  4.0
Throwing       | |  1.0
Dodging        | |  2.1
Spellcasting   | |  1.3
Translocations | |  2.1

Action                   |  1- 3 |  4- 6 |  7- 9 | 10-12 || total
-------------------------+-------+-------+-------+-------++-------
Melee: Hand axe          |   109 |       |       |       ||   109
       Headbutt          |    12 |    13 |   111 |   109 ||   245
       Dagger            |    21 |    60 |   383 |       ||   464
       War axe           |       |       |   188 |   533 ||   721
       Broad axe         |       |       |       |    31 ||    31
       Punch             |       |       |       |     4 ||     4
 Fire: Arbalest          |       |       |       |    30 ||    30
Throw: Tomahawk          |     5 |       |     4 |    11 ||    20
       Stone             |     8 |       |     5 |       ||    13
       Javelin           |       |       |       |     4 ||     4
Invok: Heroism           |       |       |       |    11 ||    11
Evoke: Wand              |       |       |       |     9 ||     9
  Use: Scroll            |     2 |     8 |    14 |    14 ||    38
       Potion            |       |       |     1 |     3 ||     4
  Eat: Chunk             |     6 |     1 |    14 |    32 ||    53
       Meat ration       |       |       |     2 |       ||     2
       Beef jerky        |       |       |     1 |     1 ||     2
       Pizza             |       |       |     2 |     1 ||     3
Armor: Leather armour    |    19 |       |       |       ||    19
       Chain mail        |    16 |    18 |   221 |       ||   255
       Plate armour      |       |       |    40 |   371 ||   411
Dodge: Dodged            |    82 |    16 |   183 |   236 ||   517
